 Dungeon Sprint DCSS version 0.21-a0-278-ga722497 (webtiles) character file.

23725 potatolord6000 the Severer (level 13, -2/134 HPs)
             Began as a Hill Orc Fighter on Sept 22, 2017.
             Was the Champion of Beogh.
             Slain by a guardian serpent (13 damage)
             ... in the Dungeon (Sprint VII: "The Pits").
             The game lasted 00:14:11 (3561 turns).

potatolord6000 the Severer (Hill Orc Fighter)       Turns: 3561, Time: 00:14:12

Health: -2/134     AC: 27    Str: 24    XL:     13   Next: 8%
Magic:  6/25       EV:  9    Int:  8    God:    Beogh [******]
Gold:   91         SH: 17    Dex: 16    Spells: 12/12 levels left

rFire    . . .     SeeInvis .   v - +4 war axe (chop)
rCold    . . .     Gourm    .   c - +2 shield
rNeg     . . .     Faith    .   C - +3 chain mail {MR+}
rPois    .         Spirit   .   a - +0 helmet
rElec    .         Reflect  .   (no cloak)
rCorr    .         Harm     .   u - +2 pair of gloves {Dex+3}
MR       +....     NoTele   +   w - +0 pair of boots
Stlth    ..........             (no amulet)
HPRegen  0.32/turn              b - +3 ring of dexterity
MPRegen  0.19/turn              s - +3 ring of protection

@: lethally poisoned (-2 -> -2)
A: walk on water
a: Smiting, Recall Orcish Followers, Give Item to Named Follower, Resurrection,
Renounce Religion


You were in the Dungeon.
You worshipped Beogh.
Beogh was exalted by your worship.
You were not hungry.

You visited 1 branch You collected 91 gold pieces.

Inventory:

Hand Weapons
 v - a +4 war axe of chopping (weapon)
Armour
 a - a +0 helmet (worn)
 c - a +2 shield (worn)
 u - a +2 pair of gloves of dexterity (worn)
 w - a +0 pair of boots (worn)
 C - a +3 chain mail of magic resistance (worn)
Jewellery
 b - a +3 ring of dexterity (left hand)
 s - a +3 ring of protection (right hand)
Scrolls
 k - 3 scrolls of blinking
 m - 5 scrolls of remove curse
 n - 5 scrolls of amnesia
 o - a scroll of summoning
 z - 3 scrolls of identify
 B - a scroll of fear
Potions
 d - a potion of might
 e - 5 potions of curing
 h - a potion of haste
 i - 4 potions of magic
 j - 7 potions of berserk rage
 l - 2 potions of invisibility
 r - a potion of degeneration {unknown}
 t - 2 potions of agility
 D - a potion of brilliance
Comestibles
 f - 10 bread rations
 p - 40 fruits
 q - 6 meat rations
 A - 6 royal jellies


   Skills:
 + Level 17.7 Fighting
 + Level 18.9 Axes
 + Level 16.4 Armour
 + Level 16.4 Shields
 + Level 17.5 Invocations


You had 12 spell levels left.
You didn't know any spells.

Dungeon Overview and Level Annotations

Branches:
Dungeon (1/1)

Altars:
Ashenzari
Cheibriados
Dithmenos
Elyvilon
Fedhas
Gozag
Hepliaklqana
Kikubaaqudgha
Makhleb
Nemelex Xobeh
Okawaru
Qazlal
Ru
Sif Muna
Trog
Uskayaw
Vehumet
Wu Jian
Xom
Yredelemnul
Zin
The Shining One
Beogh
Jiyva
Lugonu


Message History

Urug hits the soldier ant with an enchanted broad axe!!
The soldier ant dies!
Beogh accepts your kill.
You slice the fire elemental!!
The fire elemental is almost destroyed.
You hit the guardian serpent but do no damage.
You feel sick. You block the fire elemental's attack.
The guardian serpent closely misses you.
Unknown command.
You slice the fire elemental!!
You destroy the fire elemental!
Beogh accepts your kill.
You barely miss the guardian serpent.
The merfolk javelineer hits you but does no damage.
You block the guardian serpent's attack.
A merfolk comes into view. It is wielding a trident.
You slash the phantom!
The phantom is moderately damaged.
You slash the guardian serpent!
You feel sick. The guardian serpent hits you!
You die...

*,,,,,,,,,,,,,,,,,,,,*,,,,,,*#...
*,,,,,*,,*,,,,,,,,,,,*,,,,,,++..#
*,,*,,,,,,,,*,,,,*,,,*,,,,,,++...
*****************************#...
**********####################..#
,,,,,,**,,..................''...
,,,,,,**,,........o.........''...
,,,,,,**,,#######o########..##..#
,,,,,,**,,**,*,#@#[#,*,*,#..##...
,,,,,,**,,*,*,#W#S#D#,*,*#..##...
,,,,,,**,,**§#:#,#m#$#,*,#..####'
,,,,,,**,,*,#.#,*,#Y#†#,*#..####'
,,,,,,**,,*#.#,*,*,#m#Y#,#..##..)
********,,*##*******####*#..##.#'
#######*,,,,,,,,,,,.........##.#.
_____.#*,,,,,,,,,,,.........##.+.
_____.#**********++###########.#.


You could see a merfolk javelineer, a merfolk, a guardian serpent, a phantom, a
dream sheep, a friendly orc knight and the friendly Urug.

Vanquished Creatures
  A ghost moth (D)
  Nessos (D)
  A purple draconian (D)
  A catoblepas (D)
  A centaur warrior (D)
  2 two-headed ogres (D)
  4 death yaks (D)
  A shadow wraith (D)
  A sixfirhy (D)
  2 flayed ghosts (D)
  A phantasmal warrior (D)
  A deep elf mage (D)
  An orc sorcerer (D)
  A black mamba (D)
  An elephant (D)
  A smoke demon (D)
  A spiny frog (D)
  An orange demon (D)
  4 kobold demonologists (D)
  A komodo dragon (D)
  2 ice devils (D)
  A hellwing (D)
  A red devil (D)
  5 blink frogs (D)
  A snapping turtle (D)
  A shadow (D)
  A redback (D)
  A fire elemental (D)
  2 tarantellas (D)
  A wyvern (D)
  A wraith (D)
  A fire bat (D)
  3 yaks (D)
  A hungry ghost (D)
  Edmund (D)
  A large abomination (D)
  3 hell hounds (D)
  2 floating eyes (D)
  A porcupine (D)
  An eye of draining (D)
  4 wolves (D)
  2 ogres (D)
  A centaur (D)
  A big kobold (D)
  A bullfrog (D)
  A scorpion (D)
  10 wights (D)
  4 hounds (D)
  Terence (D)
  A river rat (D)
  2 oozes (D)
  A worm (D)
  A leopard gecko (D)
  A ball python (D)
  2 bats (D)
  A bat skeleton (D)
  A giant cockroach (D)
  A goblin (D)
  A hobgoblin (D)
  A ball python skeleton (D)
  A frilled lizard (D)
  A giant cockroach zombie (D)
  A kobold (D)
100 creatures vanquished.

Vanquished Creatures (collateral kills)
  Kirke (D)
  An eidolon (D)
  An alligator snapping turtle (D)
  A death knight (D)
  2 death yaks (D)
  A komodo dragon (D)
  A hellwing (D)
  2 trolls (D)
  3 blink frogs (D)
  3 yaks (D)
  A soldier ant (D)
  A soldier ant (shapeshifter) (D)
  A hell hound (D)
  A centaur (D)
  3 wolves (D)
  A white imp (D)
  An ufetubus (D)
25 creatures vanquished.

Vanquished Creatures (others)
  An orc high priest (D)
  2 orc warriors (D)
  An orc priest (D)
  4 orc sorcerers (D)
  4 dream sheep (D)
  6 humans (D)
  2 orc wizards (D)
  A wight (D)
  5 orcs (D)
  A bat (D)
27 creatures vanquished.

Grand Total: 152 creatures vanquished

Notes
Turn   | Place    | Note
-------+----------+-------------------------------------------
     0 | D        | potatolord6000 the Hill Orc Fighter began the quest for the Orb.
     0 | D        | Reached XP level 1. HP: 19/19 MP: 1/1
    11 | D        | Noticed a floating eye
    15 | D        | Paralysed by a floating eye for 4 turns
    20 | D        | Paralysed by a floating eye for 2 turns
    22 | D        | Killed a floating eye
    22 | D        | Reached skill level 6 in Axes
    22 | D        | Reached skill level 5 in Armour
    22 | D        | Reached skill level 5 in Shields
    22 | D        | Reached XP level 2. HP: 31/31 MP: 2/2
    22 | D        | Reached XP level 3. HP: 38/38 MP: 3/3
    22 | D        | Reached XP level 4. HP: 45/45 MP: 4/4
    27 | D        | Found a bloodstained altar of Trog.
    27 | D        | Found a deep blue altar of Sif Muna.
    27 | D        | Found a viscous altar of Jiyva.
    27 | D        | Found a hazy altar of Hepliaklqana.
    27 | D        | Found an opulent altar of Gozag.
    51 | D        | Found a glowing golden altar of the Shining One.
    51 | D        | Found a glowing silver altar of Zin.
    51 | D        | Found a basalt altar of Yredelemnul.
    51 | D        | Found a shimmering altar of Xom.
    51 | D        | Found an ornate altar of the Wu Jian Council.
    51 | D        | Found a sacrificial altar of Ru.
    51 | D        | Found a stormy altar of Qazlal.
    51 | D        | Found an iron altar of Okawaru.
    51 | D        | Found a sparkling altar of Nemelex Xobeh.
    51 | D        | Found a burning altar of Makhleb.
    51 | D        | Found a blossoming altar of Fedhas.
    51 | D        | Found a white marble altar of Elyvilon.
    51 | D        | Found a shadowy altar of Dithmenos.
    51 | D        | Found a snail-covered altar of Cheibriados.
    54 | D        | Found a corrupted altar of Lugonu.
    54 | D        | Found a radiant altar of Vehumet.
    54 | D        | Found a roughly hewn altar of Beogh.
    56 | D        | Found a shattered altar of Ashenzari.
    56 | D        | Found an ancient bone altar of Kikubaaqudgha.
    56 | D        | Found a hide-covered altar of Uskayaw.
    63 | D        | Became a worshipper of Beogh the Brigand
    92 | D        | Reached * piety under Beogh
   111 | D        | Noticed a floating eye
   113 | D        | Reached ** piety under Beogh
   116 | D        | Paralysed by a floating eye for 2 turns
   119 | D        | Reached XP level 5. HP: 42/51 MP: 5/5
   121 | D        | Killed a floating eye
   121 | D        | Reached skill level 8 in Axes
   121 | D        | Reached XP level 6. HP: 51/61 MP: 6/6
   193 | D        | Reached *** piety under Beogh
   193 | D        | Reached skill level 1 in Invocations
   207 | D        | Reached skill level 9 in Axes
   210 | D        | Reached **** piety under Beogh
   229 | D        | Reached XP level 7. HP: 35/70 MP: 10/10
   395 | D        | Reached skill level 5 in Invocations
   404 | D        | Killed a shadow wraith
   404 | D        | Reached skill level 10 in Fighting
   404 | D        | Reached skill level 11 in Axes
   404 | D        | Reached XP level 8. HP: 18/81 MP: 4/13
   674 | D        | Reached ***** piety under Beogh
   691 | D        | Reached skill level 10 in Armour
   691 | D        | Reached skill level 10 in Shields
   758 | D        | Noticed Edmund
   758 | D        | Noticed a komodo dragon
   760 | D        | Killed a komodo dragon
   760 | D        | Reached skill level 12 in Axes
   760 | D        | Reached XP level 9. HP: 89/89 MP: 11/15
   771 | D        | Killed Edmund
   936 | D        | Noticed a two-headed ogre
   948 | D        | Killed a two-headed ogre
   948 | D        | Reached skill level 10 in Invocations
  1029 | D        | Noticed a centaur warrior
  1035 | D        | Reached skill level 13 in Axes
  1039 | D        | Reached ****** piety under Beogh
  1042 | D        | Reached XP level 10. HP: 57/100 MP: 16/18
  1045 | D        | Killed a centaur warrior
  1312 | D        | Noticed an orange demon
  1322 | D        | Reached skill level 14 in Axes
  1325 | D        | Killed an orange demon
  1387 | D        | Noticed Urug
  1399 | D        | Noticed a phantasmal warrior
  1401 | D        | Killed a phantasmal warrior
  1592 | D        | Noticed a deep elf mage
  1600 | D        | Killed a deep elf mage
  1603 | D        | Reached skill level 15 in Axes
  1603 | D        | Reached XP level 11. HP: 71/110 MP: 20/20
  1742 | D        | Noticed an alligator snapping turtle
  1742 | D        | Noticed an orc high priest
  1742 | D        | Noticed an orc sorcerer
  1742 | D        | Noticed an orc sorcerer
  1750 | D        | Killed an orc sorcerer
  1766 | D        | Gained Bogmar as an ally
  1769 | D        | Killed an alligator snapping turtle
  2033 | D        | Noticed Terence
  2034 | D        | Noticed a flayed ghost
  2036 | D        | Noticed a two-headed ogre
  2038 | D        | Killed a flayed ghost
  2040 | D        | Killed Terence
  2050 | D        | Reached skill level 15 in Fighting
  2067 | D        | Reached skill level 16 in Axes
  2073 | D        | Killed a two-headed ogre
  2609 | D        | Reached skill level 15 in Invocations
  2642 | D        | Reached XP level 12. HP: 106/122 MP: 23/23
  2794 | D        | Reached skill level 17 in Axes
  2879 | D        | Noticed Nessos
  2889 | D        | Killed Nessos
  2889 | D        | Reached skill level 15 in Armour
  2889 | D        | Reached skill level 15 in Shields
  2894 | D        | Your ally Bogmar died
  2983 | D        | Noticed an eidolon
  2983 | D        | Noticed a death yak
  2983 | D        | Noticed a death yak
  2983 | D        | Noticed a death yak
  2983 | D        | Noticed a death yak
  2983 | D        | Noticed a death yak
  2983 | D        | Noticed a death yak
  2991 | D        | Killed a death yak
  3005 | D        | Killed an eidolon
  3005 | D        | Gained Norbak as an ally
  3009 | D        | Killed a death yak
  3011 | D        | Killed a death yak
  3013 | D        | Your ally Norbak died
  3014 | D        | Killed a death yak
  3015 | D        | Killed a death yak
  3015 | D        | Reached skill level 18 in Axes
  3017 | D        | Killed a death yak
  3500 | D        | Noticed a death knight
  3500 | D        | Noticed Kirke
  3500 | D        | Noticed a catoblepas
  3506 | D        | Killed a catoblepas
  3511 | D        | Killed Kirke
  3521 | D        | Noticed a purple draconian
  3522 | D        | Killed a ghost moth
  3530 | D        | Killed a death knight
  3537 | D        | Noticed a merfolk javelineer
  3546 | D        | Killed a purple draconian
  3546 | D        | Reached XP level 13. HP: 32/133 MP: 4/25
  3561 | D        | Slain by a guardian serpent

Vault maps used:
D:        pitsprint

Skill      XL: |  1  2  3  4  5  6  7  8  9 10 11 12 |
---------------+-------------------------------------+-----
Fighting       | 6 8 9 10 11 12 14 15 17 | 17.7
Axes           | 6 8 9 11 12 13 15 16 18 | 18.9
Armour         | 5 6 7 8 9 10 11 13 14 16 | 16.4
Shields        | 5 6 7 8 9 10 11 13 14 16 | 16.4
Invocations    | 4 7 9 11 13 15 17 | 17.5

Action                   |  1- 3 |  4- 6 |  7- 9 | 10-12 | 13-15 || total
-------------------------+-------+-------+-------+-------+-------++-------
Melee: War axe           |     6 |    58 |    87 |   200 |    14 ||   365
       Unarmed           |       |       |       |    13 |       ||    13
Invok: Smiting           |       |       |     5 |    12 |       ||    17
       Resurrection      |       |       |       |     5 |       ||     5
       Give Item to Name |       |       |       |     1 |       ||     1
  Use: Potion            |       |       |     1 |    14 |       ||    15
       Scroll            |       |       |       |     5 |       ||     5
 Stab: Confused          |       |       |       |     4 |       ||     4
       Distracted        |       |       |       |     3 |       ||     3
  Eat: Meat ration       |       |       |     3 |       |       ||     3
Armor: Scale mail        |       |    11 |       |       |       ||    11
       Chain mail        |       |    16 |    42 |   103 |     6 ||   167
       Skin              |       |       |       |    13 |       ||    13
Dodge: Dodged            |       |    17 |    22 |   126 |     4 ||   169
Block: Shield            |       |    27 |    56 |   162 |    10 ||   255

Table legend:
 A = Spawn XP
 B = Non-spawn XP
 C = Spawn XP percentage of total XP
 D = Spawn monster count
 E = Non-spawn monster count
 F = Spawn count percentage of total count
 G = Total turns spent on level
                    A         B        C        D         E        F      G
               +---------+---------+-------+---------+---------+-------+---------
         Total |       0 |   33894 |   0.0 |       0 |     125 |   0.0 |  3561
               +---------+---------+-------+---------+---------+-------+---------
             D |       0 |   33894 |   0.0 |       0 |     125 |   0.0 |  3561
               +---------+---------+-------+---------+---------+-------+---------
